 Dungeon Crawl Stone Soup version 0.29.1-15-g9cfb28693d (webtiles) character file.

Game seed: 9662384232935242153

8 kingofthe the Sneak (level 2, -1/13 HPs)
             Began as a Spriggan Enchanter on Mar 13, 2023.
             Succumbed to a kobold's poison
             ... on level 1 of the Dungeon.
             The game lasted 00:01:50 (796 turns).

kingofthe the Sneak (Spriggan Enchanter)             Turns: 796, Time: 00:01:51

Health: -1/13      AC:  2    Str:  4    XL:     2   Next: 0%
Magic:  0/6        EV: 17    Int: 16    God:
Gold:   37         SH:  0    Dex: 15    Spells: 4/6 levels left

rFire   . . .      SeeInvis +   a - +1 dagger
rCold   . . .      Faith    .   (no shield)
rNeg    . . .      Spirit   .   b - +0 robe
rPois   .          Reflect  .   (helmet restricted)
rElec   .          Harm     .   (no cloak)
rCorr   .          Rampage  .   (gloves unavailable)
Will    .....                   (boots unavailable)
Stlth   +++.......              (no amulet)
HPRegen 0.04/turn               (no ring)
MPRegen 0.10/turn               (no ring)

@: lethally poisoned (-1 -> -16), very slightly contaminated, very quick
A: very small, no large weapons, unfitting armour, see invisible, speed 3
a: no special abilities


You were on level 1 of the Dungeon.
You visited 1 branch of the dungeon, and saw 1 of its levels.

You collected 37 gold pieces.


Innate Abilities, Weirdness & Mutations

You are very small and have problems with some larger weapons.
You are too small for most types of armour.
You have supernaturally acute eyesight. (SInv)
You cover ground extremely quickly. (Speed+++)


   Skills:
 - Level 1.1 Short Blades
 * Level 3.1 Dodging
 * Level 4.7 Stealth
 + Level 2.8 Spellcasting
 + Level 3.7 Hexes


You had 4 spell levels left.
You knew the following spells:

 Your Spells              Type           Power      Damage    Failure   Level
a - Ensorcelled Hibernat  Hex/Ice        16%        N/A       13%         2

Your spell library contained the following spells:

 Spells                   Type           Power      Damage    Failure   Level
 Confusing Touch          Hex            14%        N/A       12%         3
 Tukima's Dance           Hex            14%        N/A       12%         3
 Foxfire                  Conj/Fire      8%         2x1d4     19%         1
 Dazzling Flash           Conj/Hex       16%        N/A       26%         3
 Inner Flame              Hex/Fire       8%         N/A       26%         3
 Conjure Flame            Conj/Fire      2%         6-21      50%         3
 Flame Wave               Conj/Fire      2%         2d4       88%         4

Inventory:

Hand Weapons
 a - a +1 dagger (weapon)
Armour
 b - a +0 robe (worn)
Scrolls
 d - 3 scrolls of identify {unknown}
Potions
 c - 2 potions of invisibility
 e - a potion of berserk rage {unknown}

Dungeon Overview and Level Annotations

Branches:
Dungeon (1/15)

Altars:

#.##....##..######
##...........##
..▒#.▒.)##...###
#.#▒..▒.##.....+
.............##
...#......▒....#
#######.....▒.....#
#.................#
#......@..#▒.##.#
#.........▒#.# .#
#.......#.......#
#......K#########
#......>##########
#................g
#.......▒..▒.....g
#####.#..▒.....▒▒▒
#.#.▒▒...▒.K..


You could see a kobold.


Message History

Aiming: Ensorcelled Hibernation (safe; 13% risk of failure)
Press: ? - help, Shift-Dir - straight line, f - kobold
Aim: a kobold, wielding a +2 whip of venom (chance to affect: 59%)
The kobold resists with significant effort.
Casting: Ensorcelled Hibernation (safe; 13% risk of failure)
Confirm with . or Enter, or press ? or * to list all spells.
Aiming: Ensorcelled Hibernation (safe; 13% risk of failure)
Press: ? - help, Shift-Dir - straight line, f/p - kobold
Aim: a kobold, wielding a +2 whip of venom (chance to affect: 59%)
You miscast Ensorcelled Hibernation.
You are very lightly contaminated with residual magic.
Nothing appears to happen.
Casting: Ensorcelled Hibernation (safe; 13% risk of failure)
Confirm with . or Enter, or press ? or * to list all spells.
Aiming: Ensorcelled Hibernation (safe; 13% risk of failure)
Press: ? - help, Shift-Dir - straight line, f/p - kobold
Aim: a kobold, wielding a +2 whip of venom (chance to affect: 59%)
The kobold resists with significant effort.
The kobold hits you with a +2 whip of venom.
You hit the kobold.
The kobold is moderately wounded.
The kobold closely misses you.
You barely miss the kobold.
The kobold is moderately wounded.
The kobold hits you with a +2 whip of venom.
* * * LOW HITPOINT WARNING * * *
You are lethally poisoned!
* * * LOW HITPOINT WARNING * * *
You feel very sick.
You die...

Skill      XL: |  1 |
---------------+----+-----
Dodging        | 3 |  3.1
Short Blades   | |  1.1
Stealth        | |  4.7
Spellcasting   | |  2.8
Hexes          | |  3.7

Action                   || total
-------------------------++-------
Melee: Dagger            ||    22
 Cast: Ensorcelled Hiber ||     2
 Stab: Sleeping          ||     2
Armor: Robe              ||     2
Dodge: Dodged            ||     9

Levels and vault maps discovered:
D:1:      ldierk_water_garden, layout_basic, hellmonk_ecumenical_altar_blasted,
          hangedman_abyss_or_decor_lesser_grid, dk_noncrumbling_4

Notes
Turn   | Place    | Note
-------+----------+-------------------------------------------
     0 | D:1      | kingofthe the Spriggan Enchanter began the quest for the
                  | Orb.
     0 | D:1      | Reached XP level 1. HP: 9/9 MP: 5/5
   599 | D:1      | Reached skill level 3 in Dodging
   639 | D:1      | Reached XP level 2. HP: 9/13 MP: 6/6
   643 | D:1      | Learned a level 2 spell: Ensorcelled Hibernation
   772 | D:1      | Found a faded altar of an unknown god.
   795 | D:1      | HP: 1/13 [poisoned by a kobold]
   796 | D:1      | Succumbed to a kobold's poison

Vanquished Creatures
  A bat (D:1)
  An endoplasm (D:1)
  A goblin (D:1)
  2 kobolds (D:1)
  A quokka (D:1)
6 creatures vanquished.

Vanquished Creatures (others)
  4 toadstools (D:1)
4 creatures vanquished.

Grand Total: 10 creatures vanquished

Table legend: (Time is in decaauts)
 A = Elapsed time spent in this place.
 B = Non-inter-level travel time spent in this place.
 C = Inter-level travel time spent in this place.
 D = Time resting spent in this place.
 E = Time spent auto-exploring this place.
 F = Levels seen in this place.
 G = Mean time per level.
                   A        B        C        D        E       F      G
               +--------+--------+--------+--------+--------+-----+--------+
         Total |    719 |    719 |      0 |    467 |    141 |   1 |  719.0 |
       Dungeon |    719 |    719 |      0 |    467 |    141 |   1 |  719.0 |
               +--------+--------+--------+--------+--------+-----+--------+

Top non-repeatable levels by time:
     D:1: 719 daAuts

Table legend:
 A = Non-vault XP
 B = Vault XP
 C = Vault XP percentage of total XP
 D = Non-vault monster count
 E = Vault monster count
 F = Vault count percentage of total count
                 A         B        C        D         E       F
            +---------+---------+-------+---------+---------+-------
      Total |      12 |       0 |   0.0 |       6 |       0 |   0.0
            +---------+---------+-------+---------+---------+-------
        D:1 |      12 |       0 |   0.0 |       6 |       0 |   0.0
            +---------+---------+-------+---------+---------+-------
